Map: Site Delta LE

Players

SubN

  • Race: Zerg Zerg
  • League: Diamond
  • Spawn Location: 5:00

ArguedOyster - Winner!

  • Race: Zerg Zerg
  • League: Diamond
  • Spawn Location: 11:00

VOD

Have the link to the VOD?

Description

Time

  • Played on: Jan. 20, 2024, 4:41 p.m.
  • Length: 7:58
Show
View Real Time Build Order
Export as new Build Order

SubN Zerg 

Build Orders: Pool First 

Get SALT Encoding   

  12  0:00  Drone  
  13  0:12  Overlord  
  13  0:16  Drone  
  14  0:30  Drone x2  
  16  0:36  Drone  
  17  0:44  Extractor  
  17  0:46  Spawning Pool  
  17  0:49  Drone  
  16  0:56  Drone  
  17  1:14  Hatchery  
  17  1:17  Drone  
  17  1:20  Drone  
  18  1:28  Overlord  
  18  1:37  Queen  
  20  1:41  Drone  
  21  1:53  Zergling x2  
  22  2:02  Metabolic Boost  
  22  2:05  Zergling x2  
  23  2:10  Drone  
  24  2:21  Drone  
  25  2:25  Queen  
  25  2:26  Queen  
  29  2:30  Drone  
  30  2:38  Drone x2  
  30  2:43  Drone  
  33  2:48  Zergling x6  
  36  2:53  Overlord  
  36  2:58  Overlord  
  36  3:02  Lair  
  36  3:12  Overlord  
  36  3:16  Drone x2  
  38  3:20  Queen  
  40  3:37  Drone x7  
  47  3:43  Overlord  
  47  3:46  Overlord  
  47  3:56  Roach Warren  
  46  4:05  Hatchery  
  46  4:07  Overlord  
  45  4:16  Drone x5  
  50  4:20  Drone, Extractor  
  50  4:21  Drone  
  50  4:22  Extractor  
  50  4:23  Drone  
  51  4:35  Drone x5  
  56  4:39  Glial Reconstitution  
  56  4:48  Drone x2  
  58  4:56  Queen  
  58  4:58  Overlord, Evolution Chamber x2  
  58  5:05  Overseer  
  58  5:17  Roach  
  58  5:18  Roach x6  
  71  5:26  Roach x2  
  71  5:27  Roach x3  
  81  5:30  Zerg Missile Weapons Level 1  
  81  5:36  Zerg Ground Armor Level 1  
  81  5:49  Overlord x2  
  81  5:50  Overlord  
  81  5:51  Overlord x2  
  81  6:06  Hatchery  
  81  6:07  Overlord x4  
  80  6:19  Roach x5  
  90  6:39  Roach x5  
  96  6:48  Roach  
  96  6:49  Roach x5  
  108  6:58  Roach  
  112  7:01  Roach  
  114  7:08  Roach  
  114  7:18  Roach x2  
  118  7:27  Roach x2  
  118  7:28  Roach x6  
  136  7:32  Roach  
  136  7:36  Roach  
Show
View Real Time Build Order
Export as new Build Order

ArguedOyster Zerg - Winner!

Build Orders: Hatch First 

Get SALT Encoding   

  12  0:00  Drone  
  13  0:12  Overlord  
  13  0:17  Drone  
  14  0:30  Drone x2  
  16  0:48  Hatchery  
  15  0:51  Drone  
  15  0:55  Drone  
  17  0:58  Drone  
  18  1:09  Extractor  
  17  1:13  Spawning Pool  
  17  1:15  Drone  
  17  1:19  Drone  
  18  1:28  Drone  
  19  1:38  Drone  
  20  1:49  Drone  
  21  2:00  Overlord  
  21  2:01  Queen x2  
  21  2:02  Zergling x2  
  26  2:09  Metabolic Boost  
  26  2:11  Drone  
  26  2:12  Drone  
  28  2:25  Drone x2  
  30  2:34  Overlord  
  30  2:37  Drone  
  30  2:39  Queen  
  33  2:46  Drone x2  
  35  2:57  Lair  
  35  2:59  Drone x2  
  37  3:05  Overlord  
  37  3:07  Drone  
  37  3:12  Evolution Chamber  
  37  3:13  Roach Warren  
  37  3:17  Drone  
  37  3:21  Drone  
  37  3:22  Drone x4  
  42  3:28  Drone, Evolution Chamber  
  42  3:29  Drone  
  43  3:36  Drone  
  43  3:38  Zerg Missile Weapons Level 1  
  43  3:39  Extractor  
  42  3:44  Extractor  
  41  3:52  Drone x3  
  41  3:53  Evolution Chamber  
  41  3:54  Drone  
  41  3:55  Drone x3  
  47  4:05  Overlord  
  47  4:06  Overlord  
  48  4:17  Roach x2  
  52  4:26  Hatchery, Roach x5  
  52  4:31  Roach x3  
  67  4:41  Overlord  
  67  4:42  Overlord  
  67  4:45  Drone x2, Extractor  
  68  4:51  Overseer  
  68  5:00  Zerg Ground Armor Level 1  
  68  5:01  Overlord  
  68  5:03  Drone x2  
  70  5:10  Drone x5  
  70  5:11  Drone x2  
  77  5:22  Drone x2  
  79  5:30  Overlord  
  79  5:33  Drone x2  
  79  5:34  Drone x2, Zerg Missile Weapons Level 2  
  83  5:44  Drone  
  83  5:45  Drone x2  
  83  5:49  Glial Reconstitution  
  86  5:56  Overlord  
  86  6:00  Roach x4  
  86  6:01  Extractor  
  93  6:06  Hatchery  
  93  6:10  Pneumatized Carapace  
  92  6:13  Drone x2  
  92  6:14  Drone  
  92  6:15  Overlord, Extractor  
  92  6:17  Drone x3  
  97  6:22  Roach x4  
  105  6:33  Overlord x3  
  103  6:50  Infestation Pit  
  103  6:52  Drone  
  103  6:53  Drone  
  104  6:55  Roach  
  104  6:58  Roach x5  
  104  6:59  Roach x6  
  128  7:10  Overseer  
  128  7:12  Roach x5  
  138  7:21  Queen  
  140  7:23  Roach x2  
  140  7:25  Overlord x3  
  136  7:38  Roach x5  
  144  7:56  Hydralisk Den  
  144  7:58  Ravager  
Tags
 
Add a new tag
Caveats
  • Supply blocks, unpowered buildings, or Contaminate may cause inaccurate times.
  • Supply counts are checked every 10 seconds.